 Dungeon Crawl Stone Soup version 0.22.0-18-ge075c0d (console) character file.

109 TAS2012 the Chopper (level 4, -8/41 HPs)
             Began as a Gnoll Chaos Knight on Aug 19, 2018.
             Mangled by an orc priest
             ... wielding a +0 short sword
              (9 damage)
             ... on level 3 of the Dungeon.
             The game lasted 00:03:43 (1761 turns).

TAS2012 the Chopper (Gnoll Chaos Knight)            Turns: 1761, Time: 00:03:45

Health: -8/41      AC:  5    Str: 14    XL:     4   Next: 89%
Magic:  5/5        EV: 13    Int: 15    God:    Xom [..*...]
Gold:   150        SH:  0    Dex: 15    Spells: 5/5 levels left

rFire    . . .     SeeInvis .   a - +0 hand axe (chaos)
rCold    . . .     Gourm    .   (no shield)
rNeg     . . .     Faith    .   b - +2 leather armour
rPois    +         Spirit   .   (no helmet)
rElec    .         Reflect  .   (no cloak)
rCorr    .         Harm     .   (no gloves)
MR       .....                  (no boots)
Stlth    ++........             (no amulet)
HPRegen  0.13/turn              j - ring of poison resistance
MPRegen  0.09/turn              (no ring)

@: no status effects
A: distributed training, fangs 1, strong nose
a: Renounce Religion


You were on level 3 of the Dungeon.
You worshipped Xom.
You were a toy of Xom.
You were not hungry.

You visited 1 branch of the dungeon, and saw 3 of its levels.

You collected 150 gold pieces.

Inventory:

Hand Weapons
 a - a +0 hand axe of chaos (weapon)
Armour
 b - a +2 leather armour (worn)
 q - a +0 scale mail
Jewellery
 j - a ring of poison resistance (left hand)
Scrolls
 d - 2 scrolls of blinking {unknown}
 n - a scroll of remove curse {unknown}
 o - a scroll of fear {unknown}
 r - a scroll of teleportation
Potions
 e - a potion of degeneration {unknown}
 f - a potion of agility {unknown}
 g - a potion of flight {unknown}
 h - a potion of curing {unknown}
 i - a potion of brilliance {unknown}
 k - a potion of resistance {unknown}
 l - a potion of ambrosia {unknown}
 m - 2 potions of heal wounds {unknown}
 s - a potion of lignification {unknown}
Comestibles
 c - 4 rations


   Skills:
 + Level 6.6 Fighting
 + Level 1.2 Short Blades
 + Level 1.2 Long Blades
 + Level 6.6 Axes
 + Level 1.2 Maces & Flails
 + Level 1.2 Polearms
 + Level 1.2 Staves
 + Level 1.2 Slings
 + Level 1.2 Bows
 + Level 1.2 Crossbows
 + Level 1.2 Throwing
 + Level 4.7 Armour
 + Level 2.8 Dodging
 + Level 1.2 Stealth
 + Level 1.2 Shields
 + Level 1.2 Unarmed Combat
 + Level 1.2 Spellcasting
 + Level 1.0 Conjurations
 + Level 1.0 Hexes
 + Level 1.0 Charms
 + Level 1.0 Summonings
 + Level 1.0 Necromancy
 + Level 1.0 Translocations
 + Level 1.0 Transmutations
 + Level 1.0 Fire Magic
 + Level 1.0 Ice Magic
 + Level 1.0 Air Magic
 + Level 1.0 Earth Magic
 + Level 1.0 Poison Magic
 + Level 1.3 Invocations
 + Level 1.2 Evocations


You had 5 spell levels left.
You didn't know any spells.
Your spell library was empty.

Dungeon Overview and Level Annotations

Branches:
Dungeon (3/15)

Altars:
Dithmenos
Kikubaaqudgha
Makhleb
Nemelex Xobeh
Okawaru
Qazlal
Sif Muna
Trog
Vehumet
The Shining One


Innate Abilities, Weirdness & Mutations

Your experience applies equally to all skills.
You have very sharp teeth.
Your uncanny sense of smell can sniff out nearby items.


Message History

* * * LOW HITPOINT WARNING * * *
The orc priest hits you with a short sword.
* * * LOW HITPOINT WARNING * * *
The orc misses you.
You hit the orc priest but do no damage.
The orc priest is lightly wounded.
You hit the orc but do no damage.
The orc is poisoned.
The orc priest hits you but does no damage.
An orc comes into view. It is wielding a mace.
The orc hits you with a club.
* * * LOW HITPOINT WARNING * * *
You barely miss the orc priest.
You bite the orc priest, but do no damage.
The orc priest is moderately wounded.
You closely miss the orc.
The orc priest hits you with a short sword.
* * * LOW HITPOINT WARNING * * *
The orc priest hits you with a short sword!
You die...
Xom giggles madly!

·····▒··▒▒▒▒···▒▒ ▒▒·%········ ▒···▒▒·▒
▒▒▒··▒ ▒▒▒·······▒··· ▒····▒
▒▒·▒▒▒▒▒········▒▒▒·▒ ▒·▒▒)▒▒
▒···············▒··· ▒·▒▒··▒▒▒
▒▒▒▒▒▒···▒▒·▒·····_· ▒▒▒ ▒·▒▒····▒▒
▒▒▒····▒▒·····▒··· ▒ ··▒ ▒·▒▒▒·▒··▒
▒···▒·····▒▒·▒▒▒·▒ ▒· ▒·▒ ▒·▒· ▒·▒
▒····▒▒▒▒▒·▒▒·····▒▒▒··▒··· ▒▒▒▒·▒ ▒·▒
···▒ ▒·▒ ▒▒▒········▒·)····▒ ▒······
······▒▒·▒▒ ▒··▒ ▒·▒ ▒▒···▒▒▒▒···)▒··▒
▒▒▒···· ·······▒((▒▒▒··▒
▒▒▒·▒▒▒▒▒·······▒)······▒ ▒·)··
······o@▒··▒▒··▒▒▒·········▒▒······▒▒·▒▒·▒
▒····
···>··)o▒▒·▒▒··▒▒··▒·▒▒▒▒▒▒▒▒▒▒····▒▒·▒▒·▒
▒···· ········▒▒·▒▒·····▒▒·▒
▒▒·······)▒▒·▒ ▒····
S·······▒▒·▒▒···▒▒▒▒·▒ ▒▒▒▒·········▒▒·▒▒
▒···· ········▒▒··▒▒·▒▒ ▒·▒
▒············▒▒··▒▒ ▒▒▒▒▒ ·······▒▒▒▒····▒
▒<▒ ▒·▒▒·▒▒▒▒▒▒▒·▒▒▒··▒▒ ····o··
▒▒▒··▒▒▒▒▒·▒ ·· ▒···▒▒▒▒▒·▒ ▒▒··▒▒ ·······
▒·······▒▒·· ·· ▒▒▒·······▒▒▒▒▒··▒▒
▒·······▒▒·) ▒▒▒▒▒▒······▒▒··▒
▒·(·····▒▒·· ▒▒·▒▒▒··▒▒·▒ ▒·······▒ ∆ ▒▒▒
▒▒····▒ ▒·······▒ ▒▒▒▒▒▒ ▒·······▒
▒·······▒


You could see an orc priest (berserk), an adder (confused) and 2 orcs.

Vanquished Creatures
  4 adders
  An ooze (D:3)
  A dart slug (D:1)
  2 leopard geckos (D:3)
  6 orcs (D:3)
  7 bats
  6 giant cockroaches
  2 goblins (D:3)
  7 hobgoblins
  4 jackals (D:3)
  3 kobolds (D:1)
  3 quokkas
  2 frilled lizards
  7 rats
55 creatures vanquished.

Notes
Turn   | Place    | Note
-------+----------+-------------------------------------------
     0 | D:1      | TAS2012 the Gnoll Chaos Knight began the quest for the Orb.
     0 | D:1      | Reached XP level 1. HP: 23/23 MP: 1/1
     6 | D:1      | XOM: harmless Necr miscast
    37 | D:1      | XOM: harmless Summ miscast
    95 | D:1      | Reached XP level 2. HP: 28/29 MP: 2/2
   571 | D:2      | Found a bloodstained altar of Trog.
   571 | D:2      | Found a sparkling altar of Nemelex Xobeh.
   571 | D:2      | Found a stormy altar of Qazlal.
   572 | D:2      | Found a burning altar of Makhleb.
   575 | D:2      | Reached XP level 3. HP: 35/35 MP: 3/3
   650 | D:2      | Reached skill level 1 in Invocations
   807 | D:2      | Found an iron altar of Okawaru.
   809 | D:2      | Found a shadowy altar of Dithmenos.
   811 | D:2      | Found an ancient bone altar of Kikubaaqudgha.
   812 | D:2      | Found a glowing golden altar of the Shining One.
   844 | D:2      | XOM: silly message
   966 | D:2      | Reached skill level 1 in Short Blades
   966 | D:2      | Reached skill level 1 in Long Blades
   966 | D:2      | Reached skill level 1 in Maces & Flails
   966 | D:2      | Reached skill level 1 in Polearms
   966 | D:2      | Reached skill level 1 in Staves
   966 | D:2      | Reached skill level 1 in Slings
   966 | D:2      | Reached skill level 1 in Bows
   966 | D:2      | Reached skill level 1 in Crossbows
   966 | D:2      | Reached skill level 1 in Throwing
   966 | D:2      | Reached skill level 1 in Stealth
   966 | D:2      | Reached skill level 1 in Shields
   966 | D:2      | Reached skill level 1 in Unarmed Combat
   966 | D:2      | Reached skill level 1 in Spellcasting
   966 | D:2      | Reached skill level 1 in Evocations
  1167 | D:2      | Reached XP level 4. HP: 41/41 MP: 5/5
  1173 | D:2      | Found an iron altar of Okawaru.
  1268 | D:2      | Found a deep blue altar of Sif Muna.
  1469 | D:3      | Found a radiant altar of Vehumet.
  1505 | D:3      | XOM: mild Pois miscast
  1529 | D:3      | XOM: god gift: scale mail {god gift}
  1751 | D:3      | XOM: mild Ice miscast
  1753 | D:3      | Reached skill level 1 in Conjurations
  1753 | D:3      | Reached skill level 1 in Hexes
  1753 | D:3      | Reached skill level 1 in Charms
  1753 | D:3      | Reached skill level 1 in Summonings
  1753 | D:3      | Reached skill level 1 in Necromancy
  1753 | D:3      | Reached skill level 1 in Translocations
  1753 | D:3      | Reached skill level 1 in Transmutations
  1753 | D:3      | Reached skill level 1 in Fire Magic
  1753 | D:3      | Reached skill level 1 in Ice Magic
  1753 | D:3      | Reached skill level 1 in Air Magic
  1753 | D:3      | Reached skill level 1 in Earth Magic
  1753 | D:3      | Reached skill level 1 in Poison Magic
  1760 | D:3      | HP: 2/41 [orc/club (3)]
  1761 | D:3      | Mangled by an orc priest

Skill      XL: |  1  2  3  4 |
---------------+-------------+-----
Invocations    | 1 |  1.3
Short Blades   | 1 |  1.2
Long Blades    | 1 |  1.2
Maces & Flails | 1 |  1.2
Polearms       | 1 |  1.2
Staves         | 1 |  1.2
Slings         | 1 |  1.2
Bows           | 1 |  1.2
Crossbows      | 1 |  1.2
Throwing       | 1 |  1.2
Stealth        | 1 |  1.2
Shields        | 1 |  1.2
Unarmed Combat | 1 |  1.2
Spellcasting   | 1 |  1.2
Evocations     | 1 |  1.2
Conjurations   | 1 |  1.0
Hexes          | 1 |  1.0
Charms         | 1 |  1.0
Summonings     | 1 |  1.0
Necromancy     | 1 |  1.0
Translocations | 1 |  1.0
Transmutations | 1 |  1.0
Fire Magic     | 1 |  1.0
Ice Magic      | 1 |  1.0
Air Magic      | 1 |  1.0
Earth Magic    | 1 |  1.0
Poison Magic   | 1 |  1.0
Fighting       | |  6.6
Axes           | |  6.6
Armour         | |  4.7
Dodging        | |  2.8

Action                   |  1- 3 |  4- 6 || total
-------------------------+-------+-------++-------
Melee: Hand axe          |   100 |    66 ||   166
       Bite              |    17 |     1 ||    18
       Punch             |       |     2 ||     2
  Use: Scroll            |     3 |       ||     3
 Stab: Sleeping          |     3 |     2 ||     5
       Paralysed         |     1 |       ||     1
       Petrified         |       |     2 ||     2
       Petrifying        |       |     1 ||     1
  Eat: Chunk             |     1 |     2 ||     3
Armor: Leather armour    |    42 |    19 ||    61
Dodge: Dodged            |    58 |    63 ||   121
